 Dungeon Crawl Stone Soup version 0.15-a0-2151-gce93697 (webtiles) character file.

3240 PolkaDot the Covert (level 9, 0/57 HPs)
             Began as a Vampire Enchanter on July 19, 2014.
             Was a Follower of Sif Muna.
             Slain by a hill giant
             ... wielding a +0 giant club
              (13 damage)
             ... on Level 7 of the Dungeon.
             The game lasted 00:34:08 (7209 turns).

PolkaDot the Covert (Vampire Enchanter)             Turns: 7209, Time: 00:34:08

HP   0/57        AC  9     Str  7      XL: 9   Next: 67%
MP  14/14        EV 12     Int 20      God: Sif Muna [*.....]
Gold 296         SH  0     Dex 14      Spells:  5 memorised,  0 levels left

rFire  . . .     SeeInvis +     E - +0 dagger (drain)
rCold  + + +     Clarity  .     b - +1 robe
rNeg   + + +     rCorr    .     (no shield)
rPois  +         rRot     +     l - +0 helmet
rElec  .         Spirit   .     o - +0 cloak
SustAb .         Warding  .     B - +2 pair of gloves
rMut   .         Stasis   +     p - +0 pair of boots
Gourm  .                        n - amulet of stasis
MR     .....                    C - ring of protection from cold
                                u - ring of protection from cold

@: bloodless, non-regenerating, not resistant to hostile enchantments, very
stealthy
A: bottle blood, fangs 3, see invisible, unbreathing
a: Bat Form, Bottle Blood, Channel Energy, Renounce Religion


You were on level 7 of the Dungeon.
You worshipped Sif Muna.
Sif Muna was aware of your devotion.
You were bloodless.

You visited 2 branches of the dungeon, and saw 8 of its levels.
You also visited: Sewer.

You collected 296 gold pieces.

Inventory:

Hand weapons
 E - a +0 dagger of draining (weapon)
Armour
 b - a +1 robe (worn)
 l - a +0 helmet (worn)
 o - a +0 cloak (worn)
 p - a +0 pair of boots (worn)
 B - a +2 pair of gloves (worn)
Magical devices
 j - a wand of fire (15) {unknown}
 y - a wand of slowing (11) {unknown}
 D - a wand of confusion (9) {unknown}
Scrolls
 e - 2 scrolls of enchant weapon
 f - a scroll of magic mapping {unknown}
 i - a scroll of noise
 k - a scroll of amnesia
 m - 2 scrolls of remove curse
 A - 2 scrolls of fog {unknown}
Jewellery
 n - an amulet of stasis (around neck)
 u - a ring of protection from cold (left hand)
 C - a ring of protection from cold (right hand)
Potions
 g - 2 potions of restore abilities
 h - 2 potions of mutation {!q}
 q - a potion of magic
 s - a potion of resistance {unknown}
 t - a potion of curing {unknown}
 v - a potion of confusion {unknown}
 x - a potion of haste
Books
 c - a book of Maledictions

   Spells                             Type                      Level
   *Corona                            Hexes                        1
   *Sure Blade                        Hexes/Charms                 2
   *Ensorcelled Hibernation           Hexes/Ice                    2
   *Confuse                           Hexes                        3
   Dazzling Spray                     Conjuration/Hexes            3
   *Enslavement                       Hexes                        4
 r - a book of the Dragon

   Spells                             Type                      Level
   Flight                             Charms/Air                   3
   Cause Fear                         Hexes                        4
   Bolt of Fire                       Conjuration/Fire             6
   Dragon Form                        Transmutation                7
   Dragon's Call                      Summoning                    9
 z - a book of Death

   Spells                             Type                      Level
   Corpse Rot                         Necromancy                   2
   Sublimation of Blood               Necromancy                   2
   Agony                              Necromancy                   5
   Dispel Undead                      Necromancy                   5
   Excruciating Wounds                Charms/Necromancy            5
   Bolt of Draining                   Conjuration/Necromancy       5


   Skills:
 * Level 10.4 Short Blades
 - Level 2.1 Dodging
 + Level 11.2 Stealth
 - Level 2.0 Spellcasting
 + Level 10.8 Hexes
 - Level 1.0 Ice Magic


You couldn't memorise any spells.
You knew the following spells:

 Your Spells              Type           Power        Failure   Level  Hunger
a - Corona                Hex            #####..      1%          1    #......
b - Sure Blade            Hex/Chrm       ###.......   2%          2    ##.....
c - Confuse               Hex            #####...     1%          3    ###....
d - Ensorcelled Hibernat  Hex/Ice        ####..       2%          2    ##.....
e - Enslavement           Hex            #####...     1%          4    #####..


Dungeon Overview and Level Annotations

Branches:
Dungeon (7/15)             Temple (1/1) D:5

Altars:
Cheibriados
Dithmenos
Makhleb
Nemelex Xobeh
Qazlal
Sif Muna
Trog
Vehumet
Xom
Yredelemnul
Zin
The Shining One

Shops:
D:6 =


Innate Abilities, Weirdness & Mutations

You do not heal naturally.
You can bottle blood from corpses.
You have razor-sharp teeth.*
You have supernaturally acute eyesight.
You can survive without breathing.*


Message History

Drink which item? (? for menu, Esc to quit)
You feel much better.
The hill giant hits you with a giant club!!
* * * LOW HITPOINT WARNING * * *
Drink which item? (? for menu, Esc to quit)
Okay, then.
Read which item? (? for menu, Esc to quit)
Okay, then.
The hill giant closely misses you.
Drink which item? (? for menu, Esc to quit)
This potion can't work under stasis.
Evoke which item? (* to show all) (? for menu, Esc to quit)
Okay, then.
Read which item? (? for menu, Esc to quit)
As you read the scroll labeled HOCUDAMMUJ, it crumbles to dust.
It is a scroll of recharging.
Charge which item? (? for menu, Esc to quit)
Your worn lead wand glows for a moment.
The hill giant hits you with a giant club!
You die...

####
###################..###
.......................##
###############C........###
##..@.........#
#..........<.)#
##............#
#............#
##.........### #........##
##.....### #######..###
#%%#..####


You could see a hill giant.

Vanquished Creatures
  Pikel (D:7)
  Prince Ribbit (D:5)
  A human (D:7)
  A hippogriff (D:7)
  The ghost of lrvs the Firebug, an average DgFE (D:4)
  Edmund (D:7)
  3 ogres
  A slave (D:7)
  A phantom (D:6)
  The ghost of lrvs the Pure, an average DsAK of Lugonu (D:3)
  2 centaurs (D:7)
  Sigmund (D:2)
  A big kobold (Sewer)
  Blork the orc (D:7)
  4 giant frogs
  3 crimson imps (D:6)
  2 goliath beetles (D:6)
  A quasit (D:7)
  3 hounds
  A gnoll shaman (D:6)
  8 orc wizards
  A worker ant (D:4)
  2 iguanas
  4 sheep (D:7)
  An ogre skeleton (D:6)
  An ogre zombie (D:5)
  6 gnolls
  3 green rats (Sewer)
  5 adders
  A giant mite (D:4)
  3 worms
  An orc skeleton (D:7)
  6 giant geckos
  27 orcs
  11 bats
  A bat skeleton (D:5)
  8 giant cockroaches
  10 goblins
  12 hobgoblins
  A quokka (D:6)
  7 ball pythons
  A giant gecko zombie (D:6)
  5 giant newts
  A goblin zombie (D:5)
  12 jackals
  17 kobolds
  A kobold skeleton (D:6)
  21 rats
  A rat skeleton (D:5)
209 creatures vanquished.

Notes
Turn   | Place    | Note
--------------------------------------------------------------
     0 | D:1      | PolkaDot, the Vampire Enchanter, began the quest for the Orb.
     0 | D:1      | Reached XP level 1. HP: 13/13 MP: 3/3
   352 | D:1      | Reached XP level 2. HP: 19/19 MP: 4/4
   386 | D:1      | Learned a level 2 spell: Ensorcelled Hibernation
   546 | D:1      | Reached skill level 1 in Ice Magic
   650 | D:2      | Reached skill level 5 in Hexes
   770 | D:2      | Noticed Sigmund
   773 | D:2      | Reached XP level 3. HP: 24/24 MP: 6/6
   779 | D:2      | Killed Sigmund
   779 | D:2      | Reached skill level 5 in Stealth
   779 | D:2      | Reached XP level 4. HP: 30/30 MP: 0/7
  1533 | D:3      | Found a stormy altar of Qazlal.
  1568 | D:3      | Reached skill level 6 in Hexes
  1609 | D:3      | Learned a level 3 spell: Confuse
  1635 | D:3      | Noticed lrvs' ghost (average DsAK)
  1649 | D:3      | Killed lrvs' ghost
  1649 | D:3      | Reached XP level 5. HP: 35/35 MP: 1/9
  2106 | D:4      | Noticed an ogre
  2134 | D:4      | Reached XP level 6. HP: 39/41 MP: 3/10
  2217 | D:4      | Found a burning altar of Makhleb.
  2229 | D:4      | Killed an ogre
  2374 | D:4      | Reached skill level 5 in Short Blades
  2432 | D:4      | Reached skill level 7 in Hexes
  2517 | D:4      | Found a glowing drain.
  2540 | Sewer    | Entered a sewer
  2939 | Sewer    | Reached XP level 7. HP: 46/46 MP: 7/12
  2994 | Sewer    | Found a white marble altar of Elyvilon.
  3159 | D:4      | Found a basalt altar of Yredelemnul.
  3429 | D:4      | Learned a level 4 spell: Enslavement
  3554 | D:4      | Noticed lrvs' ghost (average DgFE)
  3578 | D:4      | Killed lrvs' ghost
  3732 | D:5      | Entered Level 5 of the Dungeon
  3857 | D:5      | Reached skill level 8 in Stealth
  3897 | D:5      | Noticed Prince Ribbit
  4084 | D:5      | Found a staircase to the Ecumenical Temple.
  4094 | Temple   | Entered the Ecumenical Temple
  4177 | Temple   | Became a worshipper of Sif Muna the Loreminder
  4368 | D:5      | Found a sparkling altar of Nemelex Xobeh.
  4449 | D:5      | Killed Prince Ribbit
  4449 | D:5      | Reached XP level 8. HP: 52/52 MP: 13/13
  4869 | D:6      | Reached skill level 9 in Stealth
  5854 | D:6      | Found Oleima's Jewellery Emporium.
  6232 | D:7      | Found a shadowy altar of Dithmenos.
  6234 | D:7      | Reached skill level 10 in Stealth
  6234 | D:7      | Reached XP level 9. HP: 40/57 MP: 11/14
  6350 | D:7      | Noticed Edmund
  6354 | D:7      | Killed Edmund
  6523 | D:7      | Reached skill level 10 in Hexes
  6527 | D:7      | Learned a level 2 spell: Sure Blade
  6617 | D:7      | Acquired Sif Muna's first power
  6818 | D:7      | Noticed Blork the orc
  6837 | D:7      | Killed Blork the orc
  7047 | D:7      | Found a bloodstained altar of Trog.
  7073 | D:7      | Noticed Pikel
  7077 | D:7      | Noticed a hill giant
  7083 | D:7      | Killed Pikel
  7083 | D:7      | Reached skill level 10 in Short Blades
  7083 | D:7      | Reached skill level 11 in Stealth
  7209 | D:7      | Slain by a hill giant

Action                   |  1- 3 |  4- 6 |  7- 9 || total
-------------------------+-------+-------+-------++-------
Melee: Dagger            |    53 |   173 |   432 ||   658
 Cast: Corona            |     2 |       |       ||     2
       Ensorcelled Hiber |     9 |    38 |    87 ||   134
       Confuse           |       |     2 |    15 ||    17
 Abil: End Transformatio |       |     1 |       ||     1
       Bat Form          |       |     1 |       ||     1
  Use: Scroll            |       |    10 |     4 ||    14
       Potion            |       |       |     5 ||     5
 Stab: Sleeping          |    15 |    28 |    72 ||   115
       Confused          |       |     1 |     5 ||     6
       Distracted        |       |       |     2 ||     2
